 Dungeon Crawl Stone Soup version 0.32-a0-171-g4625e66871 (webtiles) character file.

Game seed: 13310482046248947360

309 Dirtsage the Changeling (level 6, 0/41 HPs)
             Began as an Octopode Shapeshifter on Feb 12, 2024.
             Was an Initiate of Wu Jian.
             Incinerated by a bombardier beetle (2 damage)
             ... with a burning spray
             ... on level 4 of the Dungeon.
             The game lasted 00:05:12 (2425 turns).

Dirtsage the Changeling (Octopode Shapeshifter)     Turns: 2425, Time: 00:05:13

Health: 0/41       AC:  1    Str: 14    XL:     6   Next: 41%
Magic:  6/6        EV: 14    Int: 12    God:    Wu Jian [......]
Gold:   117        SH:  0    Dex: 13    Spells: 5/5 levels left

rFire   . .          .
                       - Unarmed
rCold   . . .        (no shield)
rNeg    . . .        (helmet currently unavailable)
rPois   .            (no amulet)
rElec   .            (no ring)
rCorr   .            (no ring)
SInv    .            (no ring)
Will    .....        (no ring)
Stlth   +            (no ring)
HPRegen 0.26/turn    (no ring)
MPRegen 0.10/turn    (no ring)
                     (no ring)

%: no passive effects
@: on fire, beast-form, glowing
A: beast (slay +2), almost no armour, amphibious, 8 rings, camouflage 1,
gelatinous body 1, (nimble swimmer 1), tentacles
a: Begin Untransformation, Renounce Religion


You were on level 4 of the Dungeon.
You worshipped Wu Jian.
Wu Jian was noncommittal.
You were a hulking beast.
You visited 2 branches of the dungeon, and saw 5 of its levels.

You collected 117 gold pieces.

Inventory:

Talismans
 b - a beast talisman (active)
 c - a flux talisman
 j - a flux talisman
Wands
 m - a wand of polymorph (4)
Scrolls
 d - 3 scrolls of identify {unknown}
 f - a scroll of fear {unknown}
 g - a scroll of enchant armour {unknown}
 k - a scroll of butterflies {unknown}
 l - a scroll of enchant weapon {unknown}
Potions
 a - a potion of lignification
 e - a potion of mutation {unknown}
 h - a potion of might {unknown}
 i - 2 potions of heal wounds {unknown}


   Skills:
 + Level 2.8 Fighting
 + Level 3.3 Dodging
 + Level 4.0 Unarmed Combat
 * Level 4.6 Shapeshifting


You had 5 spell levels left.
You didn't know any spells.
Your spell library contained the following spells:

 Spells                   Type           Power      Damage    Failure   Level
 Dazzling Flash           Conj/Hex       0%         N/A       69%         3
 Volatile Blastmotes      Fire/Tloc      0%         2d10      69%         3
 Starburst                Conj/Fire      0%         6d3       100%        6
 Malign Gateway           Summ/Tloc      0%         N/A       100%        7
 Maxwell's Capacitive Co  Air            0%         ∞         100%        8
 Summon Horrible Things   Summ           0%         N/A       100%        8


Dungeon Overview and Level Annotations

Branches:
Dungeon (4/15)             Temple (1/1) D:4

Altars:
Ashenzari
Cheibriados
Dithmenos
Elyvilon
Fedhas
Kikubaaqudgha
Nemelex Xobeh
Okawaru
Uskayaw
Vehumet
Wu Jian
Yredelemnul
Zin


Innate Abilities, Weirdness & Mutations

You are a hulking beast.
Your limbs bulge with bestial killing power. (Slay +2)
You cannot wear most types of armour.
You are amphibious.
You can wear up to eight rings at the same time.
Your skin changes colour to match your surroundings (Stealth+).
Your rubbery body absorbs attacks. (AC +1, EV +1)
((You are camouflaged when in or above water. (Stealth+)))
You have tentacles for arms and can constrict up to eight enemies at once.


Message History

You take 2 damage, and have 26/41 hp.
You tentacle-slap the bombardier beetle.
The bombardier beetle is almost dead.
The liquid fire burns you!
You constrict the bombardier beetle.
The bombardier beetle sprays incendiary fluid at you.
The burning spray hits you.
You are even more covered in liquid fire!
The quokka closely misses you.
You take 3 damage, and have 23/41 hp.
You tentacle-slap the bombardier beetle.
You kill the bombardier beetle!
The Council accepts your kill. The liquid fire burns you!
The quokka misses you.
You take 2 damage, and have 21/41 hp.
You tentacle-slap the quokka. Your grab misses the quokka.
The quokka is severely wounded.
The liquid fire burns you! The quokka bites you.
You take 7 damage, and have 14/41 hp.
You tentacle-slap the quokka.
You kill the quokka!
The Council accepts your kill. The liquid fire burns you!
* * * LOW HITPOINT WARNING * * *
You take 5 damage, and have 9/41 hp.
An endoplasm comes into view.
You shake off some of the fire as you move.
The liquid fire burns you!
* * * LOW HITPOINT WARNING * * *
The endoplasm quivers.
You take 3 damage, and have 6/41 hp.
You shake off some of the fire as you move.
The liquid fire burns you!
* * * LOW HITPOINT WARNING * * *
You take 4 damage, and have 2/41 hp.
You shake off some of the fire as you move.
The liquid fire burns you!
You die...

#.# #........#.# #.#
####.###.#.# #.# ##.#
#.#.# #
#.######..###.#.# .##
#.............#.##...#
############...†......
#######..†.#...#
...J............
#####..h...#....
#.........###.
#...........#
#.#.........# #
###..<##.#.. #...#
.##.. ##.## .# .. ..


You could see an endoplasm.

Vanquished Creatures
  2 bombardier beetles
  A jelly (D:4)
  Jessica (D:3)
  Natasha (thrice) (D:2)
  Robin (D:2)
  4 adders
  A ribbon worm (D:2)
  An orc (D:3)
  7 ball pythons
  6 endoplasms
  5 giant cockroaches
  6 goblins
  9 hobgoblins
  4 kobolds
  4 quokkas
  2 bats
  A frilled lizard (D:3)
  4 rats
62 creatures vanquished.

Notes
Turn   | Place    | Note
-------+----------+-------------------------------------------
     0 | D:1      | Dirtsage the Octopode Shapeshifter began the quest for the
                  | Orb.
     0 | D:1      | Reached XP level 1. HP: 13/13 MP: 1/1
   318 | D:1      | Reached XP level 2. HP: 18/18 MP: 2/2
   676 | D:2      | Noticed Natasha
   686 | D:2      | Killed Natasha
   687 | D:2      | Reached XP level 3. HP: 8/23 MP: 3/3
   764 | D:2      | Noticed Robin
   827 | D:2      | Killed Robin
   828 | D:2      | Reached XP level 4. HP: 20/29 MP: 4/4
  1074 | D:2      | Noticed Natasha
  1092 | D:2      | Killed Natasha
  1093 | D:2      | Reached XP level 5. HP: 14/34 MP: 5/5
  1189 | D:2      | Noticed Natasha
  1196 | D:2      | Killed Natasha
  1555 | D:3      | Noticed Jessica
  1566 | D:3      | Killed Jessica
  1934 | D:3      | Reached XP level 6. HP: 27/41 MP: 6/6
  2307 | D:4      | Found a staircase to the Ecumenical Temple.
  2314 | Temple   | Entered the Ecumenical Temple
  2352 | Temple   | Became a worshipper of the Wu Jian Council
  2424 | D:4      | HP: 2/41 [burnt (4)]
  2425 | D:4      | Incinerated by a bombardier beetle

Illustrated notes

Levels and vault maps discovered:
D:1:      orjb1_lava_funnel, layout_loops_ring
D:2:      layout_basic, uniq_robin, uniq_natasha
D:3:      layout_basic, uniq_jessica
D:4:      layout_loops_ring, grunt_temple_overflow_champion_of_chaos,
          minmay_temple_entry_statues_fountains, enter_ossuary_3
Temple:   nicolae_temple_figure_eight

Skill      XL: |  1  2  3  4  5  6 |
---------------+-------------------+-----
Fighting       | 2 |  2.8
Shapeshifting  | 4 |  4.6
Dodging        | 3 |  3.3
Unarmed Combat | 4 |  4.0

Action                     |  1- 3 |  4- 6 || total
---------------------------+-------+-------++-------
  Melee: Unarmed           |    45 |    86 ||   131
         Tentacles         |     9 |    15 ||    24
         Constrict         |     9 |    21 ||    30
         Punch             |       |     4 ||     4
Ability: Lunge             |       |     1 ||     1
   Stab: Sleeping          |     3 |     7 ||    10
 Armour: Skin              |    17 |    33 ||    50
  Dodge: Dodged            |    22 |    47 ||    69

Table legend: (Time is in decaauts)
 A = Elapsed time spent in this place.
 B = Non-inter-level travel time spent in this place.
 C = Inter-level travel time spent in this place.
 D = Time resting spent in this place.
 E = Time spent auto-exploring this place.
 F = Levels seen in this place.
 G = Mean time per level.
                   A        B        C        D        E       F      G
               +--------+--------+--------+--------+--------+-----+--------+
         Total |   2417 |   2282 |    135 |     27 |   1864 |   5 |  483.4 |
       Dungeon |   2342 |   2279 |     63 |     27 |   1864 |   4 |  585.5 |
        Temple |     74 |      2 |     72 |      0 |      0 |   1 |   74.0 |
               +--------+--------+--------+--------+--------+-----+--------+

Top non-repeatable levels by time:
     D:2: 821 daAuts
     D:3: 767 daAuts
     D:1: 704 daAuts
  Temple: 74 daAuts
     D:4: 49 daAuts
